 Dungeon Crawl Stone Soup version 0.31-a0-233-g139696dc86 (webtiles) character file.

Game seed: 10444143213258015065

120 qw the Shooter (level 5, -1/30 HPs)
             Began as a Gargoyle Hexslinger on July 8, 2023.
             Killed from afar by an orc wizard (9 damage)
             ... with a puff of flame
             ... on level 3 of the Dungeon.
             The game lasted 00:00:53 (2159 turns).

qw the Shooter (Gargoyle Hexslinger)                Turns: 2159, Time: 00:00:54

Health: -1/30      AC: 10    Str: 11    XL:     5   Next: 4%
Magic:  6/6        EV: 15    Int: 14    God:
Gold:   222        SH:  0    Dex: 14    Spells: 5/6 levels left

rFire   . . .        Y - +1 sling
rCold   . . .        (no shield)
rNeg    + . .        d - +0 ring mail
rPois   inf          (no helmet)
rElec   +            (no cloak)
rCorr   +            f - +0 pair of gloves
SInv    .            (no boots)
Will    .....        (no amulet)
Stlth   +            e - ring of resist corrosion
HPRegen 0.25/turn    k - +5 ring of evasion
MPRegen 0.10/turn

%: no passive effects
@: no status effects
A: sickness immunity, AC +4, negative energy resistance 1, electricity
resistance, torment resistance 1, petrification resistance
a: no special abilities


You were on level 3 of the Dungeon.
You visited 1 branch of the dungeon, and saw 4 of its levels.

You collected 222 gold pieces.


Innate Abilities, Weirdness & Mutations

You are immune to sickness and miasma.
Your stone body is resilient. (AC +4)
You are immune to poison.
You resist negative energy. (rN+)
You are resistant to electric shocks. (rElec)
You are resistant to unholy torment.
You are immune to petrification.


   Skills:
 - Level 2.0 Fighting
 + Level 4.6 Ranged Weapons
 - Level 1.0 Armour
 - Level 1.5 Dodging
 - Level 1.0 Spellcasting
 - Level 2.6 Hexes


You had 5 spell levels left.
You knew the following spells:

 Your Spells              Type           Power      Damage    Failure   Level
a - Slow                  Hex            32%        N/A       21%         1

Your spell library contained the following spells:

 Spells                   Type           Power      Damage    Failure   Level
 Inner Flame              Hex/Fire       4%         N/A       71%         3
 Portal Projectile        Hex/Tloc       8%         N/A       71%         3
 Cause Fear               Hex            4%         N/A       90%         4

Inventory:

Hand Weapons
 Y - a +1 sling (weapon)
Armour
 d - a +0 ring mail (worn)
 f - a +0 pair of gloves (worn)
Jewellery
 c - a ring of fire
 e - a ring of resist corrosion (left hand)
 k - a +5 ring of evasion (right hand)
Scrolls
 a - a scroll of identify
 i - a scroll of teleportation
Potions
 b - a potion of enlightenment
 g - a potion of attraction {unknown}
 h - a potion of heal wounds {unknown}
 j - a potion of brilliance {unknown}
 l - a potion of haste {unknown}

Dungeon Overview and Level Annotations

Branches:
Dungeon (4/15)
 Temple: D:4-7

Altars:


Message History

The orc closely misses you. Something hits you but does no damage.
The sleepcap misses you.
You climb upwards.
Reactivating autopickup.
There is a stone staircase leading down here.
You shoot a sling bullet. The sling bullet hits the sleepcap!
The sleepcap is moderately damaged.
Something barely misses you. The kobold closely misses you.
The orc closely misses you. The sleepcap misses you.
You shoot a sling bullet.
The sling bullet hits the sleepcap but does no damage.
The sleepcap is moderately damaged.
Something hits you.
Deactivating autopickup; reactivate with Ctrl-A.
The kobold completely misses you. The orc hits you but does no damage.
The sleepcap releases spores at you but does no damage.
You shoot a sling bullet. The sling bullet hits the sleepcap.
The sleepcap is heavily damaged.
You hear some strange, mumbled words.
A puff of flame appears from out of thin air!
The puff of flame hits you. The kobold misses you. The orc closely misses you.
The sleepcap misses you.
You shoot a sling bullet.
The sling bullet completely misses the sleepcap.
Something hits you but does no damage. The kobold hits you but does no damage.
The orc hits you but does no damage.
The sleepcap releases spores at you but does no damage.
You shoot a sling bullet. The sling bullet hits the sleepcap.
The sleepcap is heavily damaged.
Something hits you but does no damage. The kobold completely misses you.
The sleepcap barely misses you. The orc barely misses you.
Something hits you but does no damage. The sleepcap closely misses you.
The kobold hits you but does no damage. The orc hits you with a +0 mace.
You shoot a sling bullet.
The sling bullet hits the sleepcap but does no damage.
The sleepcap is heavily damaged.
You hear some strange, mumbled words.
A puff of flame appears from out of thin air!
The puff of flame hits you!
You die...

...........................######
......###...........##.....## #
.....#.#.#....##....##......## #
#...#..#..#...###..###....#..# #
.#.#.......#.....#........##.# #
############.....#.###...###.# #
#....#......#.###.......#### #
##......#.#{#.##.<.####..... #
#...#....K@o.##........#..# #
#####.##.f...............##
####...(.)...............##
####.......#..#....###.....>..
##..................# ####.....
###..#.............#### ##....
....##.....##......# #....
#.........########.### ###..
..#####..## ####...##### #..


You could see a sleepcap, an orc and a kobold.

Vanquished Creatures
  4 gnolls (D:3)
  3 adders (D:3)
  A worm (D:2)
  2 dart slugs
  2 orcs (D:3)
  6 endoplasms
  A giant cockroach (D:2)
  6 goblins
  2 hobgoblins
  5 kobolds
  2 quokkas (D:1)
  3 ball pythons
  3 bats
  2 frilled lizards
  5 rats
47 creatures vanquished.

Notes
Turn   | Place    | Note
-------+----------+-------------------------------------------
     0 | D:1      | qw the Gargoyle Hexslinger began the quest for the Orb.
     0 | D:1      | Reached XP level 1. HP: 12/12 MP: 2/2
     0 | D:1      | 0 ||| qw: Version: 0.3-a-46-gb1f654a
     0 | D:1      | 0 ||| qw: Game counter: 3372
     0 | D:1      | 0 ||| qw: Melee chars always use a shield: true
     0 | D:1      | 0 ||| qw: God list: Okawaru
     0 | D:1      | 0 ||| qw: Allow faded altars: false
     0 | D:1      | 0 ||| qw: Do Orc after clearing Dungeon:15 true
     0 | D:1      | 0 ||| qw: Do second Lair branch before Depths: true
     0 | D:1      | 0 ||| qw: Lair rune preference: random
     0 | D:1      | 0 ||| qw: Goals: Normal
     0 | D:1      | 0 ||| PLANNING D:1-11
   222 | D:1      | Reached XP level 2. HP: 16/16 MP: 3/3
   482 | D:1      | Reached skill level 3 in Ranged Weapons
   571 | D:1      | 571 ||| UPGRADING to +0 ring mail.
   581 | D:1      | 581 ||| DROPPING +0 robe.
   582 | D:1      | 582 ||| UPGRADING to +0 pair of gloves.
   587 | D:1      | 587 ||| READING 2 scrolls labelled GEBRIT VYPLUPT.
   588 | D:1      | 588 ||| READING scroll labelled POEFA XAS UMOB.
   589 | D:1      | 589 ||| READING scroll labelled LIODUH QAESHAB.
   590 | D:1      | 590 ||| DROPPING scroll of poison.
   800 | D:2      | Reached XP level 3. HP: 15/21 MP: 4/4
   918 | D:2      | Found a faded altar of an unknown god.
  1194 | D:2      | Reached skill level 1 in Armour
  1529 | D:2      | 1529 ||| READING 2 scrolls of identify.
  1529 | D:2      | 1529 ||| IDENTIFYING white potion
  1740 | D:3      | Reached XP level 4. HP: 24/26 MP: 5/5
  1761 | D:3      | Reached skill level 4 in Ranged Weapons
  1768 | D:3      | 1768 ||| FLEEEEING.
  1769 | D:3      | 1769 ||| FLEEEEING.
  1770 | D:3      | 1770 ||| FLEEEEING.
  1771 | D:3      | 1771 ||| FLEEEEING.
  1772 | D:3      | 1772 ||| FLEEEEING.
  1773 | D:3      | 1773 ||| FLEEEEING.
  1774 | D:3      | 1774 ||| FLEEEEING.
  1775 | D:3      | 1775 ||| FLEEEEING.
  1776 | D:3      | 1776 ||| FLEEEEING.
  1777 | D:3      | 1777 ||| FLEEEEING.
  1778 | D:3      | 1778 ||| FLEEEEING.
  1779 | D:3      | 1779 ||| FLEEEEING.
  1780 | D:3      | 1780 ||| FLEEEEING.
  1781 | D:3      | 1781 ||| FLEEEEING.
  1782 | D:3      | 1782 ||| FLEEEEING.
  1783 | D:3      | 1783 ||| STAIRDANCE
  1830 | D:2      | 1830 ||| UPGRADING to ring of resist corrosion.
  1831 | D:2      | 1831 ||| READING 2 scrolls labelled HUBLE HUELEOHY.
  2014 | D:3      | Reached XP level 5. HP: 30/30 MP: 6/6
  2097 | D:3      | 2097 ||| UPGRADING to +5 ring of evasion.
  2098 | D:3      | 2098 ||| READING scroll labelled TEUDUMN KU ZOU.
  2113 | D:4      | 2113 ||| STAIRDANCE
  2139 | D:4      | 2139 ||| STAIRDANCE
  2152 | D:4      | 2152 ||| STAIRDANCE
  2159 | D:3      | Killed from afar by an orc wizard

Levels and vault maps discovered:
D:1:      dpeg_arrival_radiant, layout_loops_ring
D:2:      layout_basic, hellmonk_ecumenical_altar_arch_garden
D:3:      layout_rooms, hangedman_decor_diamond_cutter
D:4:      minmay_inner_zag, layout_cave_pools, minivault_11, item_on_display_a,
          uniq_duvessa, uniq_grinder

Skill      XL: |  1  2  3  4 |
---------------+-------------+-----
Ranged Weapons | 3 4 |  4.6
Fighting       | 2 |  2.0
Armour         | 1 |  1.0
Dodging        | |  1.5
Spellcasting   | |  1.0
Hexes          | |  2.6

Action                     |  1- 3 |  4- 6 || total
---------------------------+-------+-------++-------
   Fire: Sling             |   119 |    66 ||   185
    Use: Scroll            |     4 |     2 ||     6
 Armour: Robe              |     6 |       ||     6
         Ring mail         |    23 |    40 ||    63
  Dodge: Dodged            |    40 |    74 ||   114

Table legend:
 A = Non-vault XP
 B = Vault XP
 C = Vault XP percentage of total XP
 D = Non-vault monster count
 E = Vault monster count
 F = Vault count percentage of total count
                 A         B        C        D         E       F
            +---------+---------+-------+---------+---------+-------
      Total |     172 |       0 |   0.0 |      47 |       0 |   0.0
            +---------+---------+-------+---------+---------+-------
        D:1 |      24 |       0 |   0.0 |      14 |       0 |   0.0
        D:2 |      27 |       0 |   0.0 |      13 |       0 |   0.0
        D:3 |     121 |       0 |   0.0 |      20 |       0 |   0.0
            +---------+---------+-------+---------+---------+-------
